 Dungeon Crawl Stone Soup version 0.19-a0-1714-gcab94ab (webtiles) character file.

1605 st0uf the Skirmisher (level 8, 69/70 HPs)
             Began as a Demigod Fighter on Sept 28, 2016.
             Quit the game on level 5 of the Dungeon.
             The game lasted 00:11:57 (4285 turns).

st0uf the Skirmisher (Demigod Fighter)              Turns: 4285, Time: 00:11:58

Health: 69/70      AC: 11    Str: 16    XL:     8   Next: 36%
Magic:  10/10      EV:  9    Int: 12    God:
Gold:   331        SH:  9    Dex: 19    Spells: 0 memorised, 7 levels left

rFire  . . .     SeeInvis .     a - +1 long sword
rCold  . . .     Gourm    .     b - +0 scale mail
rNeg   . . .     Faith    .     c - +0 shield
rPois  .         Spirit   .     (no helmet)
rElec  .         Dismiss  .     r - +2 cloak {MR+}
rCorr  .         Reflect  .     (no gloves)
MR     +....     Harm     .     (no boots)
Stlth  ..........               (no amulet)
                                (no ring)
                                o - -3 ring of strength (curse)

@: no status effects
A: high mp 1
a: no special abilities


You were on level 5 of the Dungeon.
You were hungry.

You visited 1 branch of the dungeon, and saw 5 of its levels.

You collected 331 gold pieces.

Inventory:

Hand Weapons
 a - a +1 long sword (weapon)
Missiles
 m - a throwing net (quivered)
Armour
 b - a +0 scale mail (worn)
 c - a +0 shield (worn)
 j - a +2 cloak
 r - a +2 cloak of magic resistance (worn)
Jewellery
 o - a cursed -3 ring of strength (left hand)
 s - an uncursed ring of flight
Wands
 k - a wand of digging (16/24)
Scrolls
 e - a scroll of identify
Potions
 d - 2 potions of might
 g - a potion of degeneration {unknown}
 l - a potion of haste {unknown}
 n - 4 potions of heal wounds
 p - a potion of curing {unknown}
 q - a potion of flight {unknown}
 t - a potion of berserk rage {unknown}
 v - a potion of magic {unknown}
Comestibles
 f - 2 bread rations
 h - 3 fruits
 i - a meat ration


   Skills:
 * Level 6.3 Fighting
 * Level 6.1 Long Blades
 + Level 4.7 Armour
 + Level 3.8 Dodging
 - Level 2.6 Shields


You had 7 spell levels left.
You didn't know any spells.

Dungeon Overview and Level Annotations

Branches:
Dungeon (5/15)
 Temple: D:4-7

Shops:
D:4 %


Innate Abilities, Weirdness & Mutations

You have an increased reservoir of magic. (+10% MP)


Message History

All of the chunks of flesh in your inventory have rotted away.
You are feeling hungry.
You see here a book of Summonings.
v - a fuming blue potion;
w - a scroll labeled FOOQYUTZIL You now have 331 gold pieces (gained 5).
Things that are here:
24 arrows; an uncursed shortbow
As you read the scroll labeled VEECRE WEALUW, it crumbles to dust.
It is a scroll of recharging.
Charge which item? (? for menu, Esc to quit)
Your wand of digging glows for a moment.
As you read the scroll labeled FOOQYUTZIL, it crumbles to dust.
This is a scroll of acquirement! [a] Weapon [b] Armour [c] Jewellery [d] Book [e] Staff [f] Wand [g] Misc.
Evocable [h] Food [i] Gold What kind of item would you like to acquire? (\ to view known items)
Something appears at your feet!
Things that are here:
a runed glaive; 24 arrows; an uncursed shortbow Are you sure you want to abandon this character and quit the game? (Confirm with "yes".)

.(........:.# # ###### ..
...##.#.#...##.# #.#..>..
##.
#...........##.###.#.###.
...
####.#.#...##.........#.
#.. #.#.##.########.<#.#.
..# #.#.##.# #......
#.####.#.##.# #.##.## ..#
#...((.#....# #.##... ..#
#....<((.@### #.#..##
####....###.####[# #..#.#
.....## #.# #.# #.#..#
..... #.# #.# #.##.#
#..######.# #.# #.##.##
#..#......# #.# #.##..o
#.......######.# #.##.##
#.##...........# #.##...
#.##....######## #.)....


There were no monsters in sight!

Vanquished Creatures
  Pikel (D:5)
  A hippogriff (D:5)
  2 sky beasts (D:5)
  An ogre (D:5)
  A slave (D:5)
  2 centaurs
  A bullfrog (D:5)
  2 howler monkeys
  A crimson imp (D:5)
  2 orc priests
  A centaur skeleton (D:4)
  2 hounds
  An iguana (D:4)
  Jessica (D:2)
  3 worker ants (D:4)
  2 hound skeletons
  2 adders
  An ooze (D:3)
  3 worms
  2 dart slugs
  A leopard gecko (D:1)
  6 orcs
  3 giant cockroaches
  A goblin (D:2)
  4 hobgoblins
  11 jackals
  3 kobolds (D:1)
  4 quokkas
  5 bats
  A frilled lizard (D:2)
  A jackal zombie (D:5)
  11 rats
83 creatures vanquished.

Vanquished Creatures (others)
  2 slaves (D:5)
2 creatures vanquished.

Grand Total: 85 creatures vanquished

Notes
Turn   | Place    | Note
-------+----------+-------------------------------------------
     0 | D:1      | st0uf the Demigod Fighter began the quest for the Orb.
     0 | D:1      | Reached XP level 1. HP: 18/18 MP: 3/3
   176 | D:1      | Reached XP level 2. HP: 25/25 MP: 4/4
  1012 | D:2      | Noticed Jessica
  1017 | D:2      | Killed Jessica
  1017 | D:2      | Reached XP level 3. HP: 25/31 MP: 5/5
  1567 | D:3      | Reached skill level 1 in Dodging
  1632 | D:3      | Noticed a centaur
  1645 | D:3      | Killed a centaur
  1645 | D:3      | Reached XP level 4. HP: 18/40 MP: 6/6
  1868 | D:3      | Reached XP level 5. HP: 43/46 MP: 7/7
  1930 | D:3      | Found an iron altar of Okawaru.
  2813 | D:4      | Found Oru Umocw's Food Boutique.
  2820 | D:4      | Reached XP level 6. HP: 44/52 MP: 8/8
  3281 | D:5      | Entered Level 5 of the Dungeon
  3499 | D:5      | Noticed a hippogriff
  3504 | D:5      | Reached XP level 7. HP: 37/60 MP: 9/9
  3516 | D:5      | Killed a hippogriff
  3516 | D:5      | Reached skill level 5 in Fighting
  3725 | D:5      | Reached skill level 5 in Long Blades
  3770 | D:5      | Noticed Pikel
  3794 | D:5      | Killed Pikel
  3794 | D:5      | Reached XP level 8. HP: 22/70 MP: 10/10
  4282 | D:5      | Identified a scroll of acquirement
  4285 | D:5      | Quit the game

Vault maps used:
D:1:      minmay_arrival_four_loops
D:2:      small_statue_intersection, uniq_jessica
D:3:      first_bread, okawaru_trees_2
D:4:      kb_forest_paths, serial_shops, shop
D:5:      nicolae_overflow_crystal_walls, uniq_pikel, uniq_menkaure,
          uniq_prince_ribbit1

Skill      XL: |  1  2  3  4  5  6  7  8 |
---------------+-------------------------+-----
Long Blades    | 2 3 4 5 6 |  6.1
Fighting       | 3 4 5 6 |  6.3
Armour         | 3 4 |  4.7
Dodging        | 1 2 3 |  3.8
Shields        | |  2.6

Action                   |  1- 3 |  4- 6 |  7- 9 || total
-------------------------+-------+-------+-------++-------
Melee: Long sword        |   134 |   191 |    92 ||   417
  Use: Scroll            |     7 |     3 |     2 ||    12
 Stab: Distracted        |       |       |     1 ||     1
  Eat: Chunk             |     1 |     8 |     2 ||    11
Armor: Scale mail        |    56 |    90 |    33 ||   179
Dodge: Dodged            |    42 |    50 |    33 ||   125
Block: Shield            |    56 |    68 |    41 ||   165
